Map: Galactic Process LE

Players

EJK

  • Race: Terran Terran
  • League: Grandmaster

KingRaze - Winner!

  • Race: Terran Terran
  • League: Grandmaster

Event: Cheesadelphia Summer 2016

VOD

Have the link to the VOD?

Description

Time

  • Played on: July 23, 2016, 4:19 p.m.
  • Length: 12:12

All games in this series

Show
View Real Time Build Order
Export as new Build Order

EJK Terran 

Build Orders: Reaper Expand, MMM Bio 

Get SALT Encoding   

  12  0:00  SCV  
  13  0:12  SCV  
  14  0:17  Supply Depot  
  14  0:25  SCV  
  15  0:39  SCV  
  15  0:41  Barracks  
  16  0:45  Refinery  
  16  0:51  SCV  
  17  1:03  SCV  
  18  1:15  SCV  
  19  1:28  Orbital Command  
  19  1:29  Reaper  
  20  1:47  Command Center  
  20  1:55  SCV  
  20  1:57  Refinery  
  21  2:01  Reaper  
  23  2:08  SCV  
  23  2:15  Supply Depot  
  23  2:18  Bunker  
  23  2:26  Factory  
  23  2:37  SCV  
  23  2:38  Barracks Reactor  
  24  2:49  SCV  
  25  3:00  Orbital Command  
  25  3:01  SCV  
  26  3:10  Hellion, Starport  
  28  3:13  SCV  
  28  3:14  Marine x2  
  28  3:18  Orbital Command  
  31  3:25  SCV  
  32  3:31  Factory Tech Lab  
  32  3:32  Marine x2  
  34  3:46  SCV x2  
  34  3:48  Viking  
  38  3:52  Cyclone  
  38  3:53  Marine x2  
  44  3:58  SCV x2  
  44  3:59  Supply Depot  
  46  4:21  Marine x2, SCV x2  
  41  4:33  SCV  
  40  4:39  SCV  
  40  4:45  SCV  
  40  4:46  Siege Tank  
  40  4:47  Marine x2  
  45  4:53  Engineering Bay  
  45  5:02  Viking  
  47  5:09  SCV x2  
  47  5:12  Marine  
  50  5:18  Supply Depot  
  50  5:29  SCV  
  50  5:34  Missile Turret  
  51  5:36  Missile Turret  
  51  5:44  Siege Tank  
  51  5:45  SCV  
  51  5:47  SCV  
  56  5:55  Marine x2  
  57  5:58  SCV  
  57  5:59  SCV  
  59  6:05  Supply Depot  
  59  6:10  SCV  
  60  6:11  SCV  
  61  6:18  Factory  
  61  6:22  SCV  
  62  6:27  Supply Depot, SCV  
  62  6:30  Command Center  
  62  6:32  Factory Reactor  
  63  6:38  Stimpack  
  63  6:39  Barracks  
  63  6:41  Starport Reactor  
  63  6:44  Barracks  
  63  6:47  SCV x2  
  65  6:56  Supply Depot  
  65  6:59  Marine, SCV x2  
  68  7:02  Engineering Bay  
  66  7:11  SCV  
  67  7:17  Marine, SCV  
  69  7:23  SCV  
  69  7:25  Barracks  
  69  7:26  Barracks  
  69  7:27  Medivac x2  
  74  7:32  Terran Infantry Armor Level 1, Terran Infantry Weapons Level 1  
  76  7:37  Marine x2  
  76  7:38  Marine  
  76  7:39  Factory Tech Lab, Marine  
  76  7:41  Supply Depot, Marine  
  79  7:46  Refinery  
  79  7:48  Orbital Command, Refinery  
  79  7:52  SCV x2  
  79  7:57  Medivac  
  83  7:59  Medivac  
  83  8:00  Marine  
  83  8:02  Marine  
  87  8:06  SCV x2  
  87  8:11  Siege Tank  
  92  8:14  Barracks Reactor x2  
  92  8:23  Marine x2  
  92  8:25  Marauder  
  96  8:27  SCV  
  96  8:29  SCV  
  98  8:38  Combat Shields  
  98  8:39  Supply Depot  
  98  8:40  Armory  
  86  8:53  Marine, SCV  
  69  8:56  SCV x2  
  69  8:58  Marine x2  
  69  8:59  Marine x6  
  71  9:04  Siege Tank  
  71  9:07  SCV  
  71  9:08  SCV  
  76  9:13  Marine  
  76  9:16  Marine x3  
  80  9:17  SCV  
  81  9:32  Terran Infantry Weapons Level 2  
  81  9:35  Terran Infantry Armor Level 2  
  81  9:36  Siege Tank  
  84  9:40  SCV x2  
  87  9:48  Marine  
  87  9:49  Marine x4, Sensor Tower  
  87  9:51  Marine  
  87  9:52  Marine  
  93  10:01  Orbital Command  
  93  10:02  SCV x2  
  93  10:05  Medivac  
  97  10:16  Siege Tank  
  97  10:18  Supply Depot  
  100  10:27  SCV x3  
  103  10:30  Marine  
  103  10:31  Marine x2  
  103  10:32  Marine  
  107  10:42  Medivac  
  95  10:44  Marine  
  95  10:48  Siege Tank  
  95  10:49  SCV  
  100  10:50  Sensor Tower  
  100  10:53  SCV x2  
  102  11:02  SCV  
  103  11:04  Medivac  
  103  11:05  SCV x2  
  103  11:06  Marine x4  
  111  11:16  Refinery  
  111  11:17  Refinery  
  111  11:20  Marine  
  111  11:21  Marine  
  111  11:23  Marine x2, SCV x2  
  111  11:24  SCV  
  97  11:26  Marine x2  
  97  11:27  Marine x2  
  86  11:35  SCV  
  86  11:36  SCV  
  86  11:37  Siege Tank  
  91  11:40  Marine  
  91  11:42  Marine  
  87  11:47  SCV  
  87  11:48  SCV  
  87  11:51  Marine  
  87  11:52  Marine  
  78  11:59  SCV  
Show
View Real Time Build Order
Export as new Build Order

KingRaze Terran - Winner!

Build Orders: 1/1/1, Liberator Opening, Bio Tank 

Get SALT Encoding   

  12  0:00  SCV  
  13  0:12  SCV  
  14  0:17  Supply Depot  
  14  0:24  SCV  
  14  0:28  Refinery  
  15  0:38  SCV  
  16  0:45  Barracks  
  16  0:51  SCV  
  17  1:02  Refinery  
  17  1:03  SCV  
  18  1:15  SCV  
  19  1:33  Orbital Command  
  19  1:34  Factory  
  19  1:37  Reaper  
  20  1:47  Supply Depot  
  20  1:59  SCV  
  21  2:10  Reaper  
  21  2:11  SCV  
  23  2:17  Starport  
  23  2:18  Hellion  
  25  2:23  SCV  
  25  2:25  Supply Depot  
  26  2:35  SCV  
  27  2:39  Hellion  
  27  2:40  Liberator  
  27  2:42  Reaper  
  30  2:47  SCV  
  34  3:00  Hellion, SCV  
  34  3:05  Supply Depot  
  38  3:12  SCV  
  38  3:14  Reaper  
  39  3:23  Supply Depot  
  39  3:26  SCV  
  42  3:27  Hellion  
  42  3:39  SCV  
  42  3:40  Starport Tech Lab  
  43  3:47  Command Center  
  43  3:50  Barracks Reactor  
  43  3:52  Factory Tech Lab  
  43  3:54  SCV  
  44  4:00  Cloaking Field  
  44  4:05  Banshee  
  44  4:09  SCV  
  48  4:18  Supply Depot  
  48  4:21  SCV  
  40  4:42  SCV  
  40  4:43  Marine x2, Siege Tank  
  40  4:51  Barracks  
  43  4:54  SCV  
  43  4:59  Orbital Command  
  41  5:00  Raven  
  41  5:02  Marine x2  
  41  5:07  SCV  
  46  5:19  Refinery, SCV  
  46  5:20  Engineering Bay, Marine x2  
  49  5:25  SCV  
  50  5:31  SCV  
  50  5:34  Siege Tank  
  51  5:37  SCV  
  51  5:42  Barracks Tech Lab  
  52  5:43  SCV  
  52  5:49  SCV  
  54  5:51  Starport Reactor  
  54  5:53  Marine x2  
  54  5:54  Marine, Stimpack  
  54  5:55  SCV  
  58  6:01  SCV  
  58  6:02  Terran Infantry Weapons Level 1  
  59  6:07  SCV  
  59  6:09  Barracks x2  
  59  6:10  Barracks  
  59  6:11  Marine x2  
  60  6:13  Supply Depot, SCV  
  60  6:14  Refinery  
  62  6:18  Marine  
  62  6:22  SCV  
  64  6:25  SCV  
  64  6:29  Marine x2  
  64  6:30  Siege Tank  
  70  6:34  Supply Depot  
  70  6:36  Marine  
  71  6:40  Medivac  
  71  6:41  Medivac  
  71  6:45  Supply Depot  
  71  6:46  Marine  
  71  6:47  Marine  
  77  6:54  Marine  
  78  7:04  Barracks Reactor x2, Marine  
  78  7:05  Barracks Reactor, Marine  
  78  7:06  Siege Tank  
  84  7:10  Supply Depot  
  84  7:12  Marine  
  84  7:15  Medivac  
  84  7:22  Marine  
  85  7:23  Medivac  
  85  7:27  Supply Depot  
  85  7:28  Marine  
  88  7:30  Marine  
  88  7:31  SCV x2  
  91  7:38  Command Center  
  91  7:39  Supply Depot, Siege Tank  
  91  7:42  Marine x2  
  91  7:43  Marine  
  97  7:45  Marine  
  98  7:53  Marine  
  98  7:56  Terran Infantry Armor Level 1  
  99  8:06  Marine x6  
  99  8:08  Medivac  
  99  8:11  Supply Depot, Siege Tank, SCV  
  99  8:12  SCV  
  112  8:15  Marine  
  112  8:18  Supply Depot  
  113  8:23  SCV  
  113  8:24  Marine x3, SCV  
  118  8:30  Combat Shields  
  118  8:33  Marine x2  
  120  8:35  SCV  
  120  8:36  SCV  
  122  8:53  Marine  
  108  8:57  Marine x8  
  108  9:02  Orbital Command, SCV x2  
  108  9:11  Marine  
  108  9:13  Siege Tank  
  108  9:14  Medivac x2  
  108  9:15  Marine x3  
  109  9:26  Marine  
  109  9:27  Marine x4  
  109  9:29  Marine, SCV  
  116  9:31  Refinery x2  
  116  9:33  Marine, Sensor Tower  
  117  9:45  Marine x4, Siege Tank  
  107  9:47  Medivac x2  
  117  10:02  Marine x5  
  122  10:08  Engineering Bay, Armory  
  122  10:10  Factory  
  122  10:14  Marine x4  
  122  10:16  Medivac  
  122  10:17  Medivac  
  130  10:25  Marine  
  130  10:26  Marine x3  
  130  10:27  Siege Tank  
  136  10:43  Marine  
  136  10:46  Medivac  
  136  10:47  Medivac  
  136  10:48  Marine x8  
  146  11:01  Marine  
  146  11:06  Marine x2  
  147  11:16  Medivac  
  149  11:25  Marine  
  138  11:28  Marine x5  
  138  11:32  Marine, Siege Tank  
  141  11:34  Marine  
  141  11:35  Marine  
  136  11:42  Marine  
  136  11:46  Marine x2  
  139  11:52  Factory Tech Lab  
Tags
 
Add a new tag
Caveats
  • Supply blocks, unpowered buildings, or Contaminate may cause inaccurate times.
  • Supply counts are checked every 10 seconds.